 Dungeon Crawl Stone Soup version 0.31.0-11-ge490571c62 (webtiles) character file.

Game seed: 17118651700236051042

51 qw the Shooter (level 3, -6/18 HPs)
             Began as a Spriggan Hunter on Feb 3, 2024.
             Mangled by Sigmund
             ... wielding a +5 scythe of venom
              (10 damage)
             ... on level 2 of the Dungeon.
             The game lasted 00:00:02 (848 turns).

qw the Shooter (Spriggan Hunter)                     Turns: 848, Time: 00:00:03

Health: -6/18      AC:  3    Str:  7    XL:     3   Next: 57%
Magic:  4/4        EV: 19    Int: 10    God:
Gold:   42         SH:  0    Dex: 20    Spells: 2/2 levels left

rFire   . . .        a - +0 shortbow
rCold   . . .        (shield currently unavailable)
rNeg    . . .        c - +0 robe
rPois   .            (helmet restricted)
rElec   .            i - +0 cloak
rCorr   .            (gloves unavailable)
SInv    +            (boots unavailable)
Will    .....        (no amulet)
Stlth   ++           (no ring)
HPRegen 0.23/turn    (no ring)
MPRegen 0.09/turn

%: no passive effects
@: very quick
A: very small, no large weapons, unfitting armour, see invisible, speed 3
a: no special abilities


You were on level 2 of the Dungeon.
You visited 1 branch of the dungeon, and saw 2 of its levels.

You collected 42 gold pieces.


Innate Abilities, Weirdness & Mutations

You are very small and have problems with some larger weapons.
You are too small for most types of armour.
You have supernaturally acute eyesight. (SInv)
You cover ground extremely quickly. (Speed+++)


   Skills:
 - Level 1.5 Fighting
 + Level 4.8 Ranged Weapons
 - Level 4.0 Dodging
 - Level 1.5 Stealth


You had 2 spell levels left.
You didn't know any spells.
Your spell library was empty.

Inventory:

Hand Weapons
 a - a +0 shortbow (weapon)
Armour
 c - a +0 robe (worn)
 i - a +0 cloak (worn)
Scrolls
 b - a scroll of poison {unknown}
 h - a scroll of identify
Potions
 e - a potion of enlightenment

Dungeon Overview and Level Annotations

Branches:
Dungeon (2/15)

Altars:

Annotations:
D:2 Sigmund


Message History

The puff of flame hits you!
Ouch! That really hurt!
833 ||| FLEEEEING.
834 ||| FLEEEEING.
835 ||| FLEEEEING.
You start resting.
Sigmund is nearby!
You shoot an arrow. The arrow hits Sigmund.
Sigmund is moderately wounded.
Sigmund asks, "Do you like me?" Sigmund completely misses you.
You shoot an arrow. The arrow hits Sigmund!
Sigmund is heavily wounded.
You shoot an arrow. The arrow hits Sigmund.
Sigmund is severely wounded.
Sigmund says, "Your kind have come here before.
I understand now why.
You desire death..."
Sigmund hits you from afar with a +5 scythe of venom.
You are poisoned.
You shoot an arrow.
The arrow hits Sigmund but does no damage.
Sigmund is severely wounded.
You feel sick. Sigmund casts a spell at you. You resist with some effort.
You shoot an arrow. The arrow closely misses Sigmund.
You feel sick. Sigmund misses you.
You shoot an arrow. The arrow hits Sigmund!
Sigmund is almost dead.
You feel sick. Sigmund misses you.
You shoot an arrow.
The arrow hits Sigmund but does no damage.
Sigmund is almost dead.
You feel sick.
You shoot an arrow. The arrow barely misses Sigmund.
You feel sick.
You are no longer poisoned.
Sigmund hits you from afar with a +5 scythe of venom!
Ouch! That really hurt!
You die...
Sigmund begins carving another notch in his scythe.

#.#######.#######...#
#..<................#
########..#######...#
#.## #####.## #.#
##.###.# #.#
##...##.# #<#
#.......#
#.####...####
####.###.##.....@..#
..(..%......#.(.##@#
.....###.#####.###.#
.........# #.# #.#
.######### #.# #.#
#.# #.# #.# #.# .#
#@# #.#


You could see Sigmund (invisible).

Vanquished Creatures
  A gnoll (D:1)
  An adder (D:2)
  A dart slug (D:1)
  2 endoplasms (D:1)
  A giant cockroach (D:1)
  2 goblins (D:1)
  6 hobgoblins
  3 quokkas (D:1)
  4 bats (D:1)
  3 frilled lizards
  3 kobolds (D:1)
  A rat (D:1)
28 creatures vanquished.

Notes
Turn   | Place    | Note
-------+----------+-------------------------------------------
     0 | D:1      | qw the Spriggan Hunter began the quest for the Orb.
     0 | D:1      | Reached XP level 1. HP: 10/10 MP: 2/2
     0 | D:1      | 0 ||| qw: Version: 0.3-a-157-g843a77d
     0 | D:1      | 0 ||| qw: Game counter: 3756
     0 | D:1      | 0 ||| qw: Melee chars always use a shield: true
     0 | D:1      | 0 ||| qw: God list: Okawaru
     0 | D:1      | 0 ||| qw: Allow faded altars: false
     0 | D:1      | 0 ||| qw: Do Orc after clearing Dungeon:15 true
     0 | D:1      | 0 ||| qw: Do second Lair branch before Depths: true
     0 | D:1      | 0 ||| qw: Lair rune preference: random
     0 | D:1      | 0 ||| qw: Goals: Normal
     0 | D:1      | 0 ||| PLANNING D:1-11
    46 | D:1      | Reached skill level 3 in Dodging
    70 | D:1      | HP: 1/10 [hobgoblin (4)]
   119 | D:1      | Reached XP level 2. HP: 14/14 MP: 3/3
   387 | D:1      | HP: 3/14 [gnoll/+0 spear (7)]
   390 | D:1      | Reached XP level 3. HP: 5/18 MP: 4/4
   710 | D:1      | 710 ||| UPGRADING to +0 cloak.
   715 | D:1      | 715 ||| READING scroll labelled UGUPLIJUJACO.
   719 | D:1      | 719 ||| READING scroll labelled NUOD DOLUWNO.
   720 | D:1      | 720 ||| READING scroll labelled KILONE SOXATI.
   721 | D:1      | 721 ||| READING 2 scrolls labelled AKHECA GIOKAHI.
   721 | D:1      | 721 ||| IDENTIFYING white potion
   722 | D:1      | 722 ||| DROPPING scroll of butterflies.
   826 | D:2      | Noticed Sigmund
   829 | D:2      | 829 ||| FLEEEEING.
   830 | D:2      | 830 ||| FLEEEEING.
   833 | D:2      | 833 ||| FLEEEEING.
   834 | D:2      | 834 ||| FLEEEEING.
   835 | D:2      | 835 ||| FLEEEEING.
   847 | D:2      | HP: 4/18 [poisoned by Sigmund]
   848 | D:2      | Mangled by Sigmund

Levels and vault maps discovered:
D:1:      ldierk_walled_garden, layout_loops_cross, minmay_misc_feat_columns
D:2:      layout_loops_ring, uniq_sigmund

Skill      XL: |  1  2 |
---------------+-------+-----
Dodging        | 3 4 |  4.0
Fighting       | |  1.5
Ranged Weapons | |  4.8
Stealth        | |  1.5

Action                     || total
---------------------------++-------
   Fire: Shortbow          ||    89
    Use: Scroll            ||     4
 Armour: Robe              ||    12
  Dodge: Dodged            ||    17

Table legend:
 A = Non-vault XP
 B = Vault XP
 C = Vault XP percentage of total XP
 D = Non-vault monster count
 E = Vault monster count
 F = Vault count percentage of total count
                 A         B        C        D         E       F
            +---------+---------+-------+---------+---------+-------
      Total |      73 |       0 |   0.0 |      28 |       0 |   0.0
            +---------+---------+-------+---------+---------+-------
        D:1 |      57 |       0 |   0.0 |      25 |       0 |   0.0
        D:2 |      16 |       0 |   0.0 |       3 |       0 |   0.0
            +---------+---------+-------+---------+---------+-------
